 Dungeon Crawl Stone Soup version 0.30.1-4-g462c640d31 (webtiles) character file.

Game seed: 17397232252155677337

441 Almogavar the Covered (level 7, -2/56 HPs)
             Began as a Gnoll Wanderer on Sept 8, 2023.
             Was an Initiate of Okawaru.
             Slain by a black bear (10 damage)
             ... on level 5 of the Dungeon.
             The game lasted 00:14:25 (5551 turns).

Almogavar the Covered (Gnoll Wanderer)              Turns: 5551, Time: 00:14:26

Health: -2/56      AC:  6    Str: 10    XL:     7   Next: 2%
Magic:  12/12      EV: 25    Int: 20    God:    Okawaru [......]
Gold:   281        SH:  0    Dex: 12    Spells: 13/13 levels left

rFire   . . .        r - +3 whip
rCold   . . .        (no shield)
rNeg    . . .        c - +0 ring mail
rPois   .            (no helmet)
rElec   .            (no cloak)
rCorr   .            (no gloves)
SInv    .            (no boots)
Will    .....        p - amulet of the acrobat
Stlth   +            u - +6 ring of intelligence
HPRegen 0.29/turn    (no ring)
MPRegen 0.13/turn

%: acrobat
@: acrobatic
A: fangs 1, strong nose, distributed training
a: Renounce Religion


You were on level 5 of the Dungeon.
You worshipped Okawaru.
Okawaru was noncommittal.
You visited 2 branches of the dungeon, and saw 6 of its levels.

You collected 281 gold pieces.

Inventory:

Hand Weapons
 a - a +2 dagger
 r - a +3 whip (weapon)
Missiles
 b - a curare-tipped dart (quivered)
 e - 4 poisoned darts
Armour
 c - a +0 ring mail (worn)
Jewellery
 p - an amulet of the acrobat (around neck)
 u - a +6 ring of intelligence (left hand)
 y - an amulet of guardian spirit
Wands
 m - a wand of flame (29)
 s - a wand of digging (9)
Scrolls
 d - 2 scrolls of fear
 g - a scroll of teleportation
 i - 2 scrolls of acquirement {unknown}
 k - a scroll of silence {unknown}
 l - a scroll of blinking {unknown}
 o - 2 scrolls of poison {unknown}
 A - a scroll of noise {unknown}
 B - a scroll of magic mapping {unknown}
Potions
 f - a potion of haste {unknown}
 h - a potion of flight
 j - a potion of might {unknown}
 n - a potion of invisibility {unknown}
 t - a potion of mutation {unknown}
 v - 2 potions of lignification {unknown}
 w - a potion of degeneration {unknown}
 x - a potion of brilliance {unknown}
 z - a potion of heal wounds {unknown}


   Skills:
 + Level 5.1 Fighting
 + Level 2.3 Short Blades
 + Level 2.3 Long Blades
 + Level 2.3 Axes
 + Level 2.3 Maces & Flails
 + Level 2.3 Polearms
 + Level 2.3 Staves
 + Level 2.3 Ranged Weapons
 + Level 5.1 Throwing
 + Level 7.0 Armour
 + Level 2.3 Dodging
 + Level 2.3 Stealth
 + Level 2.3 Shields
 + Level 2.3 Unarmed Combat
 + Level 3.6 Spellcasting
 + Level 4.2 Conjurations
 + Level 1.8 Hexes
 + Level 1.8 Summonings
 + Level 1.8 Necromancy
 + Level 1.8 Translocations
 + Level 1.8 Transmutations
 + Level 1.8 Fire Magic
 + Level 1.8 Ice Magic
 + Level 1.8 Air Magic
 + Level 1.8 Earth Magic
 + Level 1.8 Poison Magic
 + Level 2.5 Invocations
 + Level 2.3 Evocations


You had 13 spell levels left.
You didn't know any spells.
Your spell library contained the following spells:

 Spells                   Type           Power      Damage    Failure   Level
 Momentum Strike          Conj/Tloc      30%        3d8       13%         2
 Static Discharge         Conj/Air       30%        2-4/arc   13%         2
 Necrotise                Necr           44%        1d6       14%         1
 Slow                     Hex            44%        N/A       14%         1
 Sting                    Tmut/Pois      44%        1d5       14%         1
 Confusing Touch          Hex            11%        N/A       38%         3
 Vampiric Draining        Necr           11%        2d6       38%         3
 Petrify                  Tmut/Erth      11%        N/A       80%         4
 Agony                    Necr           11%        N/A       98%         5
 Metabolic Englaciation   Hex/Ice        5%         N/A       98%         5
 Yara's Violent Unravell  Hex/Tmut       5%         3d4       98%         5
 Eringya's Noxious Bog    Tmut/Pois      5%         N/A       100%        6
 Statue Form              Tmut/Erth      7%         N/A       100%        6
 Orb of Destruction       Conj           10%        9d6       100%        7
 Discord                  Hex            5%         N/A       100%        8
 Summon Guardian Golem    Hex/Summ       Unusable   N/A       N/A         3
 Animate Dead             Necr           Unusable   N/A       N/A         4
 Haunt                    Necr/Summ      Unusable   N/A       N/A         7
 Spellforged Servitor     Conj/Summ      Unusable   N/A       N/A         7
 Infestation              Necr           Unusable   N/A       N/A         8

Dungeon Overview and Level Annotations

Branches:
Dungeon (5/15)             Temple (1/1) D:4

Altars:
Cheibriados
Fedhas
Makhleb
Okawaru
Wu Jian
Yredelemnul


Innate Abilities, Weirdness & Mutations

You have very sharp teeth.
Your uncanny sense of smell can sniff out nearby items.
Your experience applies equally to all skills.


Message History

You hit the black bear but do no damage.
You punch the black bear.
The black bear is heavily wounded.
The black bear bites you. The black bear claws you.
The black bear claws you but does no damage.
You hit the black bear but do no damage.
The black bear is heavily wounded.
The black bear bites you but does no damage.
The black bear claws you. The black bear closely misses you.
You hit the black bear but do no damage.
The black bear is heavily wounded.
The black bear barely misses you.
The black bear claws you but does no damage. x2
You hit the black bear.
The black bear is heavily wounded.
The black bear closely misses you. The black bear barely misses you.
The black bear claws you.
You whack the black bear! You bite the black bear.
The black bear is almost dead.
The black bear goes berserk!
You hit the black bear but do no damage.
You bite the black bear, but do no damage.
The black bear is almost dead.
The black bear closely misses you. The black bear misses you.
The black bear claws you.
You hit the black bear but do no damage.
You bite the black bear, but do no damage.
The black bear is almost dead.
The black bear bites you. The black bear claws you.
The black bear claws you but does no damage.
The black bear closely misses you. x2; The black bear claws you.
The black bear closely misses you. x2; The black bear misses you.
The black bear attacks as you move away!
The black bear bites you!
* * * LOW HITPOINT WARNING * * *
The black bear claws you but does no damage.
The black bear completely misses you. The black bear misses you.
The black bear completely misses you. The black bear closely misses you.
The black bear bites you!
You die...

### #### ##.# #
####..#####..# ##
####.......##..##
.####>..........@.##
.........).......h#
.........###.....##
.<...##### ###...#
....## #..## ....#
##.# ....# #(# #...#
#(# ##... #..


You could see a black bear (berserk).

Vanquished Creatures
  A hound (D:5)
  An iron imp (D:3)
  A sleepcap (D:5)
  Jessica (D:3)
  Ijyb (D:3)
  3 orc wizards
  10 gnolls
  3 adders
  A white imp (D:5)
  An ufetubus (D:5)
  3 worms
  5 orcs
  8 endoplasms
  2 giant cockroaches (D:3)
  6 goblins
  6 hobgoblins
  8 jackals
  7 kobolds
  2 quokkas
  10 ball pythons
  4 bats (D:1)
  4 frilled lizards
  7 rats (D:1)
95 creatures vanquished.

Notes
Turn   | Place    | Note
-------+----------+-------------------------------------------
     0 | D:1      | Almogavar the Gnoll Wanderer began the quest for the Orb.
     0 | D:1      | Almogavar set off with the following items: a +2 dagger, 2
                  | curare-tipped darts, a +0 ring mail, a scroll of fear; and
                  | the following spells available to memorise: Momentum
                  | Strike, Static Discharge.
     0 | D:1      | Reached XP level 1. HP: 20/20 MP: 4/4
    75 | D:1      | Reached XP level 2. HP: 24/26 MP: 5/5
   302 | D:1      | Found a faded altar of an unknown god.
   500 | D:1      | Reached XP level 3. HP: 24/31 MP: 7/7
  1115 | D:2      | Reached skill level 1 in Invocations
  1208 | D:3      | Reached skill level 1 in Short Blades
  1208 | D:3      | Reached skill level 1 in Long Blades
  1208 | D:3      | Reached skill level 1 in Axes
  1208 | D:3      | Reached skill level 1 in Maces & Flails
  1208 | D:3      | Reached skill level 1 in Polearms
  1208 | D:3      | Reached skill level 1 in Staves
  1208 | D:3      | Reached skill level 1 in Ranged Weapons
  1208 | D:3      | Reached skill level 1 in Dodging
  1208 | D:3      | Reached skill level 1 in Stealth
  1208 | D:3      | Reached skill level 1 in Shields
  1208 | D:3      | Reached skill level 1 in Unarmed Combat
  1208 | D:3      | Reached skill level 1 in Evocations
  1308 | D:2      | Reached XP level 4. HP: 16/38 MP: 8/8
  1444 | D:2      | Reached skill level 1 in Hexes
  1444 | D:2      | Reached skill level 1 in Summonings
  1444 | D:2      | Reached skill level 1 in Necromancy
  1444 | D:2      | Reached skill level 1 in Translocations
  1444 | D:2      | Reached skill level 1 in Transmutations
  1444 | D:2      | Reached skill level 1 in Fire Magic
  1444 | D:2      | Reached skill level 1 in Ice Magic
  1444 | D:2      | Reached skill level 1 in Air Magic
  1444 | D:2      | Reached skill level 1 in Earth Magic
  1444 | D:2      | Reached skill level 1 in Poison Magic
  2481 | D:3      | Noticed Ijyb
  2494 | D:3      | Killed Ijyb
  2495 | D:3      | Reached XP level 5. HP: 25/43 MP: 9/9
  2585 | D:3      | Noticed Jessica
  2591 | D:3      | Killed Jessica
  2949 | D:3      | Found a snail-covered altar of Cheibriados.
  3114 | D:3      | Got the Atlas of Altered Malisons
  3411 | D:4      | Reached XP level 6. HP: 39/50 MP: 11/11
  3466 | D:4      | Found a staircase to the Ecumenical Temple.
  3473 | Temple   | Entered the Ecumenical Temple
  3486 | Temple   | Became a worshipper of Warmaster Okawaru
  3673 | D:4      | Reached skill level 5 in Fighting
  3673 | D:4      | Reached skill level 5 in Throwing
  4294 | D:5      | Entered Level 5 of the Dungeon
  5476 | D:5      | Reached skill level 7 in Armour
  5476 | D:5      | Reached XP level 7. HP: 52/56 MP: 12/12
  5551 | D:5      | Slain by a black bear

Illustrated notes

Levels and vault maps discovered:
D:1:      dpeg_arrival_court, layout_basic, shapermc_ecumenical_altar_venn
D:2:      layout_basic, grunt_ministairs_8, kennysheep_minor_cross,
          chequers_big_river, kennysheep_generic_room_7
D:3:      layout_loops_ring, slow_altar_2, minmay_misc_feat_four_crosses,
          uniq_ijyb, uniq_jessica
D:4:      layout_basic, temple_green, roderic_serpentine_path
D:5:      layout_layer_cave
Temple:   zaba_magenta_temple

Skill      XL: |  1  2  3  4  5  6 |
---------------+-------------------+-----
Invocations    | 1 2 |  2.5
Short Blades   | 1 2 |  2.3
Long Blades    | 1 2 |  2.3
Axes           | 1 2 |  2.3
Maces & Flails | 1 2 |  2.3
Polearms       | 1 2 |  2.3
Staves         | 1 2 |  2.3
Ranged Weapons | 1 2 |  2.3
Dodging        | 1 2 |  2.3
Stealth        | 1 2 |  2.3
Shields        | 1 2 |  2.3
Unarmed Combat | 1 2 |  2.3
Evocations     | 1 2 |  2.3
Spellcasting   | 3 |  3.6
Hexes          | 1 |  1.8
Summonings     | 1 |  1.8
Necromancy     | 1 |  1.8
Translocations | 1 |  1.8
Transmutations | 1 |  1.8
Fire Magic     | 1 |  1.8
Ice Magic      | 1 |  1.8
Air Magic      | 1 |  1.8
Earth Magic    | 1 |  1.8
Poison Magic   | 1 |  1.8
Conjurations   | 4 |  4.2
Fighting       | 5 |  5.1
Throwing       | 5 |  5.1
Armour         | 7 |  7.0

Action                     |  1- 3 |  4- 6 |  7- 9 || total
---------------------------+-------+-------+-------++-------
  Melee: Dagger            |   146 |    21 |       ||   167
         Bite              |    13 |    27 |     6 ||    46
         Punch             |     3 |     8 |     1 ||    12
         Whip              |       |   220 |    25 ||   245
  Throw: Dart              |       |    16 |     2 ||    18
    Use: Scroll            |       |     4 |       ||     4
         Potion            |       |     3 |       ||     3
   Stab: Invisible         |       |     2 |       ||     2
 Armour: Ring mail         |    61 |    66 |    17 ||   144
  Dodge: Dodged            |    82 |   129 |    35 ||   246
